 Dungeon Crawl Stone Soup version 0.28.0 (webtiles) character file.

Game seed: 9189586996713278344

1325 pkoi the Destroyer (level 8, -4/57 HPs)
             Began as a Pale Draconian Conjurer on Feb 17, 2022.
             Was an Initiate of Vehumet.
             Blown up by Pikel (10 damage)
             ... with a mindburst bolt
             ... on level 5 of the Dungeon.
             The game lasted 00:08:20 (6909 turns).

pkoi the Destroyer (Pale Draconian Conjurer)        Turns: 6909, Time: 00:08:20

Health: -4/57      AC:  7    Str:  9    XL:     8   Next: 34%
Magic:  19/23      EV: 12    Int: 22    God:    Vehumet [......]
Gold:   335        SH:  0    Dex:  9    Spells: 6/16 levels left

rFire   . . .      SeeInvis .   e - +0 dagger (drain)
rCold   . . .      Faith    .   (no shield)
rNeg    . . .      Spirit   .   (armour unavailable)
rPois   .          Reflect  .   h - +1 hat
rElec   .          Harm     .   (no cloak)
rCorr   .          Rampage  .   (no gloves)
Will    .....                   (no boots)
Stlth   ++........              i - amulet of magic regeneration
HPRegen 0.19/turn               f - ring of magical power
MPRegen 0.58/turn               g - ring of wizardry

@: short of breath
A: breathe steam, AC +6, unfitting armour, cold-blooded, steam resistance
a: Breathe Steam, Renounce Religion


You were on level 5 of the Dungeon.
You worshipped Vehumet.
Vehumet was noncommittal.
You visited 1 branch of the dungeon, and saw 6 of its levels.

You collected 335 gold pieces.

Inventory:

Hand Weapons
 a - a +0 short sword
 e - a +0 dagger of draining (weapon)
Armour
 h - a +1 hat (worn)
Jewellery
 f - a ring of magical power (left hand)
 g - a ring of wizardry (right hand)
 i - an amulet of magic regeneration (around neck)
Scrolls
 d - 2 scrolls of identify
Potions
 b - 2 potions of attraction
 c - 2 potions of might
 l - a potion of mutation
 m - a potion of haste {unknown}
 n - 4 potions of brilliance {unknown}


   Skills:
 - Level 1.7 Dodging
 - Level 1.7 Stealth
 + Level 4.6 Spellcasting
 * Level 8.8 Conjurations
 - Level 3.0 Hexes
 + Level 2.5 Translocations


You had 6 spell levels left.
You knew the following spells:

 Your Spells              Type           Power      Damage    Failure   Level
a - Magic Dart            Conj           100%       1d8       1%          1
b - Searing Ray           Conj           88%        2d7       1%          2
c - Dazzling Flash        Conj/Hex       62%        N/A       1%          3
d - Iskenderun's Mystic   Conj/Tloc      30%        2d8       4%          4

Your spell library contained the following spells:

 Spells                   Type           Power      Damage    Failure   Level
 Ensorcelled Hibernation  Hex/Ice        22%        N/A       3%          2
 Fulminant Prism          Conj/Hex       15%        3d11      3%          4
 Spider Form              Tmut/Pois      5%         N/A       13%         3
 Anguish                  Hex/Necr       5%         N/A       22%         4


Dungeon Overview and Level Annotations

Branches:
Dungeon (6/15)             Temple (0/1) D:6

Altars:
Cheibriados
Makhleb
Vehumet
Zin

Annotations:
D:5 Pikel


Innate Abilities, Weirdness & Mutations

You can breathe blasts of scalding, opaque steam.
Your pale cyan-grey scales are hard. (AC +6)
You cannot fit into any form of body armour.
You are cold-blooded and may be slowed by cold attacks.
You are immune to the effects of steam.


Message History

Confirm with . or Enter, or press ? or * to list all spells.
Aiming: Searing Ray (safe; 1% risk of failure)
Press: ? - help, Shift-Dir - straight line, f/p - Pikel
Aim: Pikel, wielding a +1 whip of flaming, wearing a +0 robe of positive energy and carrying a wand of mindburst (13) (steam, lightly wounded, 77% to hit)
The searing ray hits Pikel!
Pikel is heavily wounded. (Press . to maintain the ray.) Pikel is engulfed in a cloud of scalding steam.
Pikel hits you with a +1 whip of flaming.
* * * LOW HITPOINT WARNING * * *
Pikel burns you.
* * * LOW HITPOINT WARNING * * *
The searing ray hits Pikel.
Pikel is severely wounded.
Pikel zaps a wand.
Your mind is blasted!
* * * LOW HITPOINT WARNING * * *
The searing ray hits Pikel.
Pikel is severely wounded.
Pikel barely misses you.
The searing ray misses Pikel.
You finish channelling your searing ray.
Pikel says, "Time is money, and you're costing me too much!"
Pikel zaps a wand.
Your mind is blasted!
* * * LOW HITPOINT WARNING * * *
Unknown command.
Pikel hits you with a +1 whip of flaming!
* * * LOW HITPOINT WARNING * * *
Pikel burns you.
* * * LOW HITPOINT WARNING * * *
Unknown command.
Casting: Searing Ray (safe; 1% risk of failure)
Confirm with . or Enter, or press ? or * to list all spells.
Aiming: Searing Ray (safe; 1% risk of failure)
Press: ? - help, Shift-Dir - straight line, f/p - Pikel
Aim: Pikel, wielding a +1 whip of flaming, wearing a +0 robe of positive energy and carrying a wand of mindburst (11) (severely wounded, 77% to hit)
The searing ray hits Pikel but does no damage.
Pikel is severely wounded. (Press . to maintain the ray.) Pikel zaps a wand.
Your mind is blasted!
You die...

######.# ##...### #..
#......# ###...## ###
#......# ###....##
#.....####.....##
#.............##
#...........### #.....#...###
#.....'####################
#.....## #@K...............
###.....########.####.#######
#...........# #)##<......###
#.^.........# #.####.#......
#...........# #)# #.#......
#...........####'####+#......
###'######.............##+###
#.#### #.............##.#
#....# #.............##.###


You could see Pikel.

Vanquished Creatures
  An orc warrior (D:6)
  2 ice beasts (D:6)
  2 phantoms (D:5)
  3 scorpions
  A water moccasin skeleton (D:4)
  A crimson imp (D:5)
  5 centaur skeletons
  A jelly (D:5)
  3 hounds
  An orc priest (D:6)
  An iron imp (D:5)
  An iguana (D:5)
  A scorpion zombie (D:5)
  4 orc wizards
  4 gnolls (D:5)
  4 adders
  A shadow imp (D:6)
  A white imp (D:6)
  An adder zombie (D:5)
  A worm (D:5)
  7 orcs
  4 endoplasms
  A giant cockroach (D:1)
  2 goblins
  7 hobgoblins
  9 jackals
  4 kobolds
  2 quokkas
  10 ball pythons
  6 bats
  3 frilled lizards
  6 rats
100 creatures vanquished.

Notes
Turn   | Place    | Note
-------+----------+-------------------------------------------
     0 | D:1      | pkoi the Draconian Conjurer began the quest for the Orb.
     0 | D:1      | Reached XP level 1. HP: 14/14 MP: 3/3
   430 | D:1      | Reached XP level 2. HP: 20/20 MP: 1/5
   461 | D:1      | Learned a level 2 spell: Searing Ray
  1006 | D:1      | Reached skill level 5 in Conjurations
  1007 | D:1      | Reached XP level 3. HP: 26/26 MP: 1/6
  1334 | D:1      | Found a faded altar of an unknown god.
  2747 | D:3      | Reached XP level 4. HP: 28/33 MP: 1/7
  2910 | D:3      | Learned a level 3 spell: Dazzling Flash
  3624 | D:4      | Reached skill level 6 in Conjurations
  3624 | D:4      | Reached XP level 5. HP: 38/38 MP: 8/8
  3894 | D:4      | Found a glowing silver altar of Zin.
  3921 | D:4      | Reached skill level 1 in Hexes
  4919 | D:5      | Entered Level 5 of the Dungeon
  4942 | D:5      | Reached XP level 6. HP: 45/45 MP: 10/10
  5095 | D:5      | Found a snail-covered altar of Cheibriados.
  5097 | D:5      | Reached skill level 7 in Conjurations
  5436 | D:5      | Your scales start taking on a pale cyan-grey colour.
  5436 | D:5      | Reached XP level 7. HP: 50/50 MP: 12/12
  5436 | D:5      | Gained mutation: You are immune to the effects of steam.
                  | [Pale Draconian growth]
  5768 | D:5      | Learned a level 4 spell: Iskenderun's Mystic Blast
  5923 | D:5      | Reached skill level 8 in Conjurations
  5968 | D:5      | Reached skill level 1 in Translocations
  6014 | D:5      | Found a radiant altar of Vehumet.
  6014 | D:5      | Found a burning altar of Makhleb.
  6024 | D:5      | Became a worshipper of Vehumet
  6160 | D:6      | Reached XP level 8. HP: 56/57 MP: 14/14
  6357 | D:6      | Found a staircase to the Ecumenical Temple.
  6891 | D:6      | Noticed Pikel
  6909 | D:5      | Blown up by Pikel

Illustrated notes

Levels and vault maps discovered:
D:1:      dpeg_arrival_shelter, layout_loops_corners, basic_ecumenical_altar,
          kennysheep_doodads
D:2:      layout_basic
D:3:      layout_basic
D:4:      layout_cave_pods, zin_academy, corexii_corridor_pit,
          amcnicky_mini_corridor_feature
D:5:      layout_basic, grunt_temple_overflow_lords_of_destruction,
          slow_altar_1, serial_curves, eino_curves_01, eino_curves_02
D:6:      minmay_cornered_nines, layout_loops_cross, kennysheep_orc_sif_temple,
          minmay_temple_entry_waves, uniq_pikel

Skill      XL: |  1  2  3  4  5  6  7  8 |
---------------+-------------------------+-----
Conjurations   | 5 6 7 8 |  8.8
Hexes          | 1 2 3 |  3.0
Spellcasting   | 3 4 |  4.6
Translocations | 1 2 |  2.5
Dodging        | |  1.7
Stealth        | |  1.7

Action                   |  1- 3 |  4- 6 |  7- 9 || total
-------------------------+-------+-------+-------++-------
Melee: Short sword       |    32 |       |       ||    32
       Tailslap          |     7 |     1 |     2 ||    10
       Dagger            |     6 |     8 |    12 ||    26
 Cast: Magic Dart        |    69 |    46 |    36 ||   151
       Searing Ray       |     2 |    12 |    26 ||    40
 Abil: Breathe Steam     |       |       |     2 ||     2
  Use: Scroll            |       |     6 |     1 ||     7
       Potion            |       |       |     1 ||     1
Armor: Skin              |    14 |     7 |    20 ||    41
Dodge: Dodged            |    38 |    14 |    31 ||    83
